 Dungeon Crawl Stone Soup version 0.31-a0-188-g5e087ee2ca (webtiles) character file.

Game seed: 15532399718981097244

28 lunkers the Twirler (level 3, -2/28 HPs)
             Began as a Meteoran Wanderer on June 23, 2023.
             Slain by Robin
             ... wielding a +0 club
              (3 damage)
             ... on level 2 of the Dungeon.
             The game lasted 00:01:15 (481 turns).

lunkers the Twirler (Meteoran Wanderer)              Turns: 481, Time: 00:01:16

Health: -2/28      AC:  3    Str: 17    XL:     3   Next: 50%
Magic:  4/6        EV: 11    Int: 15    God:
Gold:   49         SH:  0    Dex: 10    Spells: 3/4 levels left

rFire   . . .        a - +2 quarterstaff
rCold   . . .        (shield currently unavailable)
rNeg    . . .        d - +0 leather armour
rPois   .            (no helmet)
rElec   .            (no cloak)
rCorr   .            (no gloves)
SInv    .            (no boots)
Will    .....        (no amulet)
Stlth   +            (no ring)
HPRegen 0.24/turn    (no ring)
MPRegen 0.10/turn

%: no passive effects
@: glowing
A: sense surroundings 1, otherworldly, glowing, explore regen
a: no special abilities


You were on level 2 of the Dungeon.
You visited 1 branch of the dungeon, and saw 2 of its levels.

You collected 49 gold pieces.

Inventory:

Hand Weapons
 a - a +2 quarterstaff (weapon)
Armour
 d - a +0 leather armour (worn)
Wands
 b - a wand of polymorph (3)
Scrolls
 e - a scroll of revelation {unknown}
 h - a scroll of identify {unknown}
 j - a scroll of teleportation {unknown}
Potions
 c - a potion of lignification
 f - a potion of brilliance {unknown}
 g - a potion of haste {unknown}
 i - a potion of attraction {unknown}


   Skills:
 - Level 1.1 Fighting
 + Level 7.0 Staves
 - Level 1.3 Spellcasting
 - Level 1.2 Earth Magic
 - Level 1.2 Invocations
 - Level 1.2 Evocations


You had 3 spell levels left.
You knew the following spells:

 Your Spells              Type           Power      Damage    Failure   Level
p - Sandblast             Erth           8%         2d5       19%         1

Your spell library contained the following spells:

 Spells                   Type           Power      Damage    Failure   Level
 Stone Arrow              Conj/Erth      4%         3d7       56%         3


Dungeon Overview and Level Annotations

Branches:
Dungeon (2/15) Zot: 711

Altars:

Annotations:
D:2 Robin


Innate Abilities, Weirdness & Mutations

You passively map a small area around you.
You are easily found by Zot.
You glow in the dark.
You regain HP and MP as you explore.


Message History

Aiming: Sandblast (safe; 19% risk of failure)
Press: ? - help, Q - select action, (/) - cycle Shift-Dir - straight line, f - goblin
Aim: a goblin, wielding a +0 club (76% to hit)
The blast of sand hits the goblin.
You kill the goblin!
A hobgoblin comes into view.
Things that are here:
a +0 club; a +0 club; a goblin corpse Robin shouts!
A goblin comes into view. It is wielding a +0 club.
Robin roars a battlecry!
The hobgoblin goes into a battle-frenzy!
Things that are here:
a +0 club; 10 gold pieces; a goblin corpse You closely miss the hobgoblin.
The hobgoblin hits you.
* * * LOW HITPOINT WARNING * * *
You sock the hobgoblin!
You kill the hobgoblin!
You hit Robin.
Robin is moderately wounded.
Robin throws the goblin at you!
* * * LOW HITPOINT WARNING * * *
The goblin closely misses you.
You barely miss Robin.
Robin is moderately wounded.
Robin hits you with a +0 club.
* * * LOW HITPOINT WARNING * * *
The goblin hits you with a +0 club.
* * * LOW HITPOINT WARNING * * *
You hit Robin.
Robin is severely wounded.
Robin says, "Feeling lonely?"
Robin barely misses you. The goblin hits you with a +0 club.
* * * LOW HITPOINT WARNING * * *
Unknown command.
You hit Robin but do no damage.
Robin is severely wounded.
Robin says, "My goblins will feast on your bones."
Robin hits you with a +0 club.
You die... $##. ## .... ,, * #.. .gg

#.# ).# * #.# ).#
*, * #.# ).# #
####
#.####$.###....##
#.##).......##..#
#..@g.......)...#
#.g##..##..##...#
#)####....## #..#
#.## *#..## ##..#
#..## #..# ##...#
#...###..###....#
#.#..........#..#
###
#.#..........#..#
...,*
#...###..###....#


You could see Robin and a goblin (strong).

Vanquished Creatures
  2 ball pythons
  A bat (D:2)
  An endoplasm (D:1)
  A giant cockroach (D:2)
  9 goblins (D:2)
  2 hobgoblins (D:2)
  2 quokkas (D:1)
  A frilled lizard (D:1)
  2 kobolds
  2 rats (D:1)
23 creatures vanquished.

Notes
Turn   | Place    | Note
-------+----------+-------------------------------------------
     0 | D:1      | lunkers the Meteoran Wanderer began the quest for the Orb.
     0 | D:1      | lunkers set off with the following items: a +2
                  | quarterstaff, a wand of polymorph (3), a potion of
                  | lignification, a +0 leather armour; and the following spell
                  | memorised: Sandblast; and the following spells available to
                  | memorise: Stone Arrow.
     0 | D:1      | Reached XP level 1. HP: 16/16 MP: 3/3
   118 | D:1      | Reached XP level 2. HP: 23/23 MP: 3/5
   453 | D:2      | Reached XP level 3. HP: 23/28 MP: 4/6
   455 | D:2      | Noticed Robin
   472 | D:2      | Reached skill level 7 in Staves
   480 | D:2      | HP: 1/28 [goblin/+0 club[Robin] (3)]
   481 | D:2      | Slain by Robin

Illustrated notes

Levels and vault maps discovered:
D:1:      mrwooster_arrival_arrow, layout_basic
D:2:      layout_loops_ring, palyth_stone_intersect, minmay_crystal_water,
          uniq_robin

Skill      XL: |  1  2  3 |
---------------+----------+-----
Staves         | 7 |  7.0
Fighting       | |  1.1
Spellcasting   | |  1.3
Earth Magic    | |  1.2
Invocations    | |  1.2
Evocations     | |  1.2

Action                     || total
---------------------------++-------
  Melee: Quarterstaff      ||    26
   Cast: Sandblast         ||    16
 Armour: Leather armour    ||     6
  Dodge: Dodged            ||     8

Table legend: (Time is in decaauts)
 A = Elapsed time spent in this place.
 B = Non-inter-level travel time spent in this place.
 C = Inter-level travel time spent in this place.
 D = Time resting spent in this place.
 E = Time spent auto-exploring this place.
 F = Levels seen in this place.
 G = Mean time per level.
                   A        B        C        D        E       F      G
               +--------+--------+--------+--------+--------+-----+--------+
         Total |    487 |    487 |      0 |      0 |    386 |   2 |  243.5 |
       Dungeon |    487 |    487 |      0 |      0 |    386 |   2 |  243.5 |
               +--------+--------+--------+--------+--------+-----+--------+

Top non-repeatable levels by time:
     D:2: 281 daAuts
     D:1: 205 daAuts
